 Dungeon Crawl Stone Soup version 0.24.1 (webtiles) character file.

Game seed: 710122304945979152, levelgen mode: deterministic

1028 Peloso the Slasher (level 8, -3/70 HPs)
             Began as a Minotaur Fighter on Mar 24, 2020.
             Was an Initiate of Okawaru.
             Splashed by a gnoll's acid (14 damage)
             ... on level 5 of the Dungeon.
             The game lasted 00:06:03 (3900 turns).

Peloso the Slasher (Minotaur Fighter)               Turns: 3900, Time: 00:06:07

Health: -3/70      AC: 10    Str: 21    XL:     8   Next: 3%
Magic:  0/7        EV:  7    Int:  5    God:    Okawaru [......]
Gold:   214        SH: 10    Dex: 12    Spells: 7/7 levels left

rFire    . . .     SeeInvis .   a - +0 long sword
rCold    . . .     Gourm    .   c - +0 shield
rNeg     . . .     Faith    .   p - +0 chain mail
rPois    .         Spirit   +   (helmet restricted)
rElec    .         Reflect  .   m - +1 cloak
rCorr    .         Harm     .   l - +1 pair of gloves
MR       .....                  (no boots)
Stlth    ..........             k - amulet of guardian spirit
HPRegen  0.21/turn              (no ring)
MPRegen  0.10/turn              (no ring)

@: lethally poisoned (-3 -> -5), corroded
A: retaliatory headbutt, horns 2
a: Renounce Religion


You were on level 5 of the Dungeon.
You worshipped Okawaru.
Okawaru was noncommittal.
You were hungry.

You visited 2 branches of the dungeon, and saw 6 of its levels.

You collected 214 gold pieces.

Inventory:

Hand Weapons
 a - a +0 long sword (weapon)
Armour
 b - a +0 scale mail
 c - a +0 shield (worn)
 l - a +1 pair of gloves (worn)
 m - a +1 cloak (worn)
 p - a +0 chain mail (worn)
Jewellery
 k - an amulet of guardian spirit (around neck)
Wands
 n - a wand of paralysis (10)
Scrolls
 e - 6 scrolls of remove curse {unknown}
 g - 2 scrolls of teleportation {unknown}
 i - a scroll of magic mapping {unknown}
 j - 4 scrolls of identify {unknown}
 o - a scroll of amnesia {unknown}
Potions
 d - 2 potions of might
 h - a potion of invisibility
Comestibles
 f - 5 rations


   Skills:
 + Level 6.0 Fighting
 + Level 6.7 Long Blades
 + Level 6.0 Armour
 + Level 1.7 Dodging
 + Level 0.3 Stealth
 + Level 6.7 Shields


You had 7 spell levels left.
You didn't know any spells.
Your spell library was empty.

Dungeon Overview and Level Annotations

Branches:
Dungeon (5/15)             Temple (1/1) D:4

Altars:
Ashenzari
Cheibriados
Dithmenos
Elyvilon
Gozag
Nemelex Xobeh
Okawaru
Qazlal
Ru
Sif Muna


Innate Abilities, Weirdness & Mutations

You reflexively headbutt those who attack you in melee.
You have a pair of horns on your head.


Message History

You slash the wyvern zombie!
The wyvern zombie is almost destroyed.
The wyvern zombie bites you.
You hit the wyvern zombie but do no damage.
The wyvern zombie is almost destroyed.
You feel sick.
The wyvern zombie bites you but does no damage.
You block the wyvern zombie's attack.
You slash the wyvern zombie!
You destroy the wyvern zombie!
Okawaru accepts your kill.
You have reached level 8!
You feel agile.
The gnoll zaps a wand.
The bolt of acid hits the gnoll!!
The gnoll is splashed with acid.
The gnoll dies!
The bolt of acid hits you!
* * * LOW HITPOINT WARNING * * *
The acid corrodes you!
You are splashed with acid!
You die...

.... #.# #.#
#.###.######## #..
#.# #.# #.# #.#
#..####.###.####.#
#.#
####.....>..........#
#.#
...................##
#.#
####.##†##.###.##..#
#.# #.##†##.# #.##..#
#.# #.##.##.#
#.##g.####.#
#.##.##.#
#.@).g.....#
#.##.##.#
####YO#####.#
#.##.##.# #..#
#.##.##.# #..#####.#.
#####†##.##.#
#gg........
......##.##.#
#Z#######..
..###.##.#### #g#
.........#


gZ. ..##..###### ..... You could see an ice beast, an ogre and 2 gnolls.

Vanquished Creatures
  Sigmund (D:3)
  A sky beast (D:5)
  3 ogres (D:4)
  A wyvern zombie (D:5)
  A howler monkey (D:5)
  2 orc priests (D:3)
  A hound (D:5)
  4 worker ants
  Ijyb (D:4)
  A hound skeleton (D:4)
  4 gnolls (D:2)
  8 adders
  An ooze (D:4)
  4 worms
  4 dart slugs
  5 leopard geckos
  7 orcs
  4 giant cockroaches
  5 goblins
  3 hobgoblins
  4 jackals (D:5)
  8 kobolds
  3 ball pythons
  5 bats
  5 frilled lizards
  5 rats
91 creatures vanquished.

Vanquished Creatures (others)
  A gnoll (D:5)
1 creature vanquished.

Grand Total: 92 creatures vanquished

Notes
Turn   | Place    | Note
-------+----------+-------------------------------------------
     0 | D:1      | Peloso the Minotaur Fighter began the quest for the Orb.
     0 | D:1      | Reached XP level 1. HP: 19/19 MP: 0/0
   109 | D:1      | Reached XP level 2. HP: 14/27 MP: 1/1
   861 | D:2      | Reached XP level 3. HP: 33/33 MP: 2/2
  1220 | D:2      | Reached XP level 4. HP: 41/41 MP: 3/3
  1864 | D:3      | Noticed Sigmund
  1873 | D:3      | Killed Sigmund
  1873 | D:3      | Reached skill level 5 in Armour
  1873 | D:3      | Reached skill level 1 in Dodging
  1873 | D:3      | Reached XP level 5. HP: 45/47 MP: 2/4
  1873 | D:3      | Reached XP level 6. HP: 52/55 MP: 2/5
  2118 | D:3      | Reached skill level 5 in Fighting
  2118 | D:3      | Reached skill level 5 in Shields
  2789 | D:4      | Reached skill level 5 in Long Blades
  2854 | D:4      | Reached XP level 7. HP: 32/61 MP: 3/6
  3412 | D:4      | Found a staircase to the Ecumenical Temple.
  3606 | D:4      | Noticed Ijyb
  3619 | D:4      | Killed Ijyb
  3662 | Temple   | Entered the Ecumenical Temple
  3667 | Temple   | Became a worshipper of Warmaster Okawaru
  3693 | D:5      | Entered Level 5 of the Dungeon
  3900 | D:5      | Reached XP level 8. HP: 25/70 MP: 5/7
  3900 | D:5      | Splashed by a gnoll's acid

Levels and vault maps discovered:
D:1:      wander_arrival_estate, layout_basic, hangedman_decor_growths
D:2:      layout_loops_ring, first_ration
D:3:      layout_basic, minmay_misc_feat_hallway, uniq_sigmund
D:4:      layout_loops_ring, minmay_temple_entry_crystal_x, uniq_ijyb
D:5:      layout_loops_ring, kennysheep_generic_room_16
Temple:   grunt_wide_crystal_templ

Skill      XL: |  1  2  3  4  5  6  7 |
---------------+----------------------+-----
Armour         | 4 5 6 |  6.0
Fighting       | 4 5 6 |  6.0
Shields        | 4 5 6 |  6.7
Long Blades    | 3 4 5 6 |  6.7
Dodging        | 1 |  1.7
Stealth        | |  0.3

Action                   |  1- 3 |  4- 6 |  7- 9 || total
-------------------------+-------+-------+-------++-------
Melee: Long sword        |    77 |   114 |   110 ||   301
       Headbutt          |    14 |    22 |    23 ||    59
  Use: Potion            |     1 |     2 |       ||     3
  Eat: Chunk             |       |     6 |       ||     6
       Ration            |       |       |     1 ||     1
Armor: Scale mail        |    47 |    37 |     8 ||    92
       Chain mail        |       |       |    40 ||    40
Dodge: Dodged            |    21 |    27 |    19 ||    67
Block: Shield            |    31 |    55 |    56 ||   142
       Rpst.: Long sword |     8 |     5 |     5 ||    18
